 Dungeon Crawl Stone Soup version 0.27-a0-906-g0a00ce863d (webtiles) character file.

Game seed: 14373185612426572107

305 kae the Insei (level 6, -3/45 HPs)
             Began as a Djinni Transmuter on Apr 6, 2021.
             Slain by Duvessa
             ... wielding a +0 short sword
              (10 damage)
             ... on level 4 of the Dungeon.
             The game lasted 00:02:27 (4326 turns).

kae the Insei (Djinni Transmuter)                   Turns: 4326, Time: 00:02:28

Health: -3/45      AC:  2    Str: 11    XL:     6   Next: 39%
Gold:   165        EV: 21    Int: 15    God:
                   SH:  0    Dex: 18

rFire    . . .     SeeInvis .     - Unarmed
rCold    . . .     Faith    .   (shield currently unavailable)
rNeg     . . .     Spirit   .   (armour currently unavailable)
rPois    ∞         Reflect  .   (helmet currently unavailable)
rElec    .         Harm     .   (cloak currently unavailable)
rCorr    .         Rampage  .   (gloves currently unavailable)
Will     .....                  (boots unavailable)
Stlth    +.........             (no amulet)
HPRegen  0.15/turn              (no ring)
MPRegen  0.00/turn              (no ring)

@: coronaed, spider-form, flying, glowing
A: venomous fangs, flying, tiny, (fire resistance 2), (cold vulnerability 1),
float, innate caster, hp casting, extra vitality 1
a: End Transformation


You were on level 4 of the Dungeon.
You were a venomous arachnid creature.
You visited 1 branch of the dungeon, and saw 4 of its levels.

You collected 165 gold pieces.

Inventory:

Missiles
 b - a throwing net
Armour
 a - a +1 robe (melded)
Scrolls
 c - 4 scrolls of identify
Potions
 f - a potion of brilliance
 h - a potion of attraction


   Skills:
 + Level 2.8 Fighting
 + Level 3.6 Dodging
 * Level 5.0 Unarmed Combat
 + Level 2.8 Spellcasting


You couldn't memorise any spells.
You knew the following spells:

 Your Spells              Type           Power      Damage    Failure   Level
a - Beastly Appendage     Tmut           20%        N/A       17%         1
b - Wereblood             Tmut           10%        N/A       24%         2
c - Spider Form           Tmut/Pois      5%         N/A       38%         3
d - Ice Form              Ice/Tmut       10%        N/A       73%         4
e - Hydra Form            Tmut           5%         N/A       95%         5
f - Apportation           Tloc           20%        N/A       17%         1
g - Blink                 Tloc           N/A        N/A       24%         2
Your spell library was empty.

Dungeon Overview and Level Annotations

Branches:
Dungeon (4/15)
 Temple: D:4-7

Altars:

Annotations:
D:4 Dowan, Duvessa, Natasha


Innate Abilities, Weirdness & Mutations

You are a venomous arachnid creature.
You have poisonous fangs.
You are tiny and dextrous.
You are flying.
Your spellcasting is less reliable in this form.
Your armour is entirely melded.
You are incapable of wielding weapons or throwing items.
You are immune to poison.
((Your flesh is very heat resistant. (rF++)))
((You are vulnerable to cold. (rC-)))
You float through the air rather than walking.
You learn spells naturally, not from books.
Your magical power is your life essence.
You have superior vitality. (+4 HP)


Message History

Your Unarmed Combat skill increases to level 5!
Duvessa shouts!
There are monsters nearby!
Dowan shouts!
Dowan gestures at you while chanting.
You are outlined in light.
Dowan gestures at Duvessa while chanting.
Duvessa seems to speed up.
Casting: Beastly Appendage (safe; 6% risk of failure)
Confirm with . or Enter, or press ? or * to list all spells.
You turn into a venomous arachnid creature.
Your +1 robe melds into your body.
Duvessa hits you with a +0 short sword! x2
Duvessa hits you with a +0 short sword!
* * * LOW HITPOINT WARNING * * *
You hit Duvessa.
Duvessa is poisoned.
Duvessa is lightly wounded.
Duvessa hits you with a +0 short sword.
* * * LOW HITPOINT WARNING * * *
You hit Duvessa but do no damage.
Duvessa looks as sick as possible!
Duvessa is lightly wounded.
Duvessa hits you with a +0 short sword.
* * * LOW HITPOINT WARNING * * *
Duvessa closely misses you.
You feel better.
Duvessa says, "Where magic fails, the sword succeeds!"
Duvessa hits you with a +0 short sword.
* * * LOW HITPOINT WARNING * * *
You hit Duvessa but do no damage.
Duvessa looks as sick as possible!
Duvessa is moderately wounded.
Duvessa closely misses you.
You hit Duvessa.
Duvessa looks as sick as possible!
Duvessa is moderately wounded.
Natasha, Servant of Life and Death comes into view.
She is carrying a wand of polymorph (4).
Duvessa hits you with a +0 short sword.
* * * LOW HITPOINT WARNING * * *
You barely miss Duvessa.
Duvessa is heavily wounded.
Natasha hisses angrily.
Duvessa hits you with a +0 short sword!
You die...

**........####........,,,,,,,
*,........###.....##..,,,,,,,
**..........##........,,,,,,,
*###.................,,,,,,,
*####................,,,,,,,
*....................,,,,*,,
*****.....#..........#...,,,**,,
**,,**....##.........##...,,**,,,
*,,,*,...,#....es.....#,.#*,,,,,,
**,,,,.#*,#.....####..h.,**,,*,,,
*>,,,***#....#...####...,,,,,,,,,
**,*** #.##.#.....##.,,,,,,,,,,,
,,,* ##.............,,,,,,,*,,,
,,*** #.....##........,,,,,**,,,
,,,,***#......#..e.....,,,,,,***,
,,*,,,,...............#>,,*,,,,,,
****,,**#............##**,,,,**,,


You could see Duvessa (fast, extremely poisoned) and Natasha.

Vanquished Creatures
  2 hounds (D:4)
  2 orc priests
  3 orc wizards
  A hound skeleton (D:4)
  3 adders (D:3)
  An ufetubus (D:4)
  3 dart slugs
  11 orcs
  4 endoplasms
  2 giant cockroaches
  4 goblins
  6 hobgoblins
  3 jackals (D:4)
  A quokka (D:4)
  7 ball pythons
  2 bats (D:1)
  3 frilled lizards
  A kobold (D:1)
  3 rats
62 creatures vanquished.

Notes
Turn   | Place    | Note
-------+----------+-------------------------------------------
     0 | D:1      | kae the Djinni Transmuter began the quest for the Orb.
     0 | D:1      | Reached XP level 1. HP: 17/17 MP: 0/0
   367 | D:1      | Reached XP level 2. HP: 21/22 MP: 0/0
  1496 | D:2      | Reached XP level 3. HP: 25/27 MP: 0/0
  1496 | D:2      | Learned a level 1 spell: Apportation
  1702 | D:2      | Reached XP level 4. HP: 11/33 MP: 0/0
  2138 | D:2      | Found a faded altar of an unknown god.
  2584 | D:3      | Reached skill level 4 in Unarmed Combat
  3094 | D:3      | Reached XP level 5. HP: 37/38 MP: 0/0
  3094 | D:3      | Learned a level 2 spell: Blink
  3454 | D:4      | Noticed Dowan
  3456 | D:4      | Noticed Duvessa
  4069 | D:4      | Reached XP level 6. HP: 26/45 MP: 0/0
  4315 | D:4      | Reached skill level 5 in Unarmed Combat
  4325 | D:4      | Noticed Natasha
  4326 | D:4      | Slain by Duvessa

Illustrated notes

Levels and vault maps discovered:
D:1:      nicolae_arrival_washed_ashore, layout_loops_cross,
          amcnicky_mini_corridor_feature
D:2:      layout_basic, ebering_ecumenical_altar_box, minivault_23
D:3:      layout_rooms
D:4:      layout_cave_pools, uniq_natasha, uniq_duvessa

Skill      XL: |  1  2  3  4  5  6 |
---------------+-------------------+-----
Spellcasting   | 2 |  2.8
Unarmed Combat | 4 5 |  5.0
Fighting       | 2 |  2.8
Dodging        | 3 |  3.6

Action                   |  1- 3 |  4- 6 || total
-------------------------+-------+-------++-------
Melee: Unarmed           |    80 |   131 ||   211
       Headbutt          |    10 |     7 ||    17
       Punch             |     1 |     3 ||     4
 Cast: Beastly Appendage |    17 |    10 ||    27
       Spider Form       |     2 |     7 ||     9
  Use: Scroll            |       |     8 ||     8
       Potion            |       |     1 ||     1
 Stab: Sleeping          |     1 |       ||     1
Armor: Robe              |     7 |    12 ||    19
       Skin              |     1 |     3 ||     4
Dodge: Dodged            |    43 |    87 ||   130

Table legend: (Time is in decaauts)
 A = Elapsed time spent in this place.
 B = Non-inter-level travel time spent in this place.
 C = Inter-level travel time spent in this place.
 D = Time resting spent in this place.
 E = Time spent auto-exploring this place.
 F = Levels seen in this place.
 G = Mean time per level.
                   A        B        C        D        E       F      G
               +--------+--------+--------+--------+--------+-----+--------+
         Total |   4312 |   4182 |    130 |    244 |   3483 |   4 | 1078.0 |
       Dungeon |   4312 |   4182 |    130 |    244 |   3483 |   4 | 1078.0 |
               +--------+--------+--------+--------+--------+-----+--------+

Top non-repeatable levels by time:
     D:1: 1302 daAuts
     D:3: 1284 daAuts
     D:2: 1189 daAuts
     D:4: 536 daAuts
